 Dungeon Crawl Stone Soup version 0.25-a0-413-g3b4b6a4ccc (webtiles) character file.

Game seed: 9072891116059312656, levelgen mode: deterministic

153479 LairdRich the Severer (level 17, -18/158 HPs)
             Began as a Minotaur Berserker on Jan 14, 2020.
             Was a High Priest of Trog.
             Demolished by a faun
             ... wielding a +0 club
             ... led by a satyr
              (70 damage)
             ... on level 3 of the Shoals.
             The game lasted 02:17:09 (30778 turns).

LairdRich the Severer (Minotaur Berserker)         Turns: 30778, Time: 02:17:10

Health: -18/158    AC: 19    Str: 35    XL:     17   Next: 4%
Magic:  7/7        EV: 19    Int:  4    God:    Trog [*****.]
Gold:   307        SH:  0    Dex: 12    Spells: 16/16 levels left

rFire    . . .     SeeInvis .   b - +7 broad axe (venom)
rCold    + . .     Gourm    +   s - +0 buckler
rNeg     + . .     Faith    .   A - +6 scale mail of the Pleiades {rPois rN+ MP-9 Slay+5}
rPois    +         Spirit   .   (helmet restricted)
rElec    .         Reflect  .   P - +0 cloak {rF+}
rCorr    .         Harm     .   (no gloves)
MR       +....                  T - +0 pair of boots
Stlth    ..........             V - amulet of the gourmand
HPRegen  0.36/turn              h - +3 ring of slaying
MPRegen  0.10/turn              L - ring of Bemiy {Ice Str+6 Dex+2 Slay+2}

@: sleeping, afraid, slowed, glowing, very slow
A: retaliatory headbutt, horns 2
a: Berserk, Trog's Hand, Brothers in Arms, Renounce Religion


You were on level 3 of the Shoals.
You worshipped Trog.
Trog was extremely pleased with you.
You were very full.

You visited 5 branches of the dungeon, and saw 27 of its levels.
You also visited: Volcano.

You collected 2579 gold pieces.
You spent 2272 gold pieces at shops.

Inventory:

Hand Weapons
 a - a +8 broad axe of flaming
 b - a +7 broad axe of venom (weapon)
 F - a +8 war axe of flaming
Missiles
 x - 6 silver boomerangs (quivered)
Armour
 s - a +0 buckler (worn)
 u - the +3 pair of gauntlets of War {Slay+5}
   (You bought it in a shop on level 2 of the Shoals)

   It affects your accuracy and damage with ranged weapons and melee attacks
   (+5).
 A - the +6 scale mail of the Pleiades (worn) {rPois rN+ MP-9 Slay+5}
   (You found it on level 1 of the Lair of Beasts)

   It affects your accuracy and damage with ranged weapons and melee attacks
   (+5).
   It protects you from poison.
   It protects you from negative energy.
   It affects your magic capacity (-9).
 P - a +0 cloak of fire resistance (worn)
 T - a +0 pair of boots (worn)
 Z - a +2 plate armour of poison resistance
Jewellery
 d - an uncursed ring of poison resistance
 h - a +3 ring of slaying (left hand)
 i - an uncursed amulet of guardian spirit
 p - an uncursed ring of ice
 L - the ring of Bemiy (right hand) {Ice Str+6 Dex+2 Slay+2}
   (You found it in a volcano)

   [ring of ice]

   It enhances your ice magic.
   It affects your strength (+6).
   It affects your dexterity (+2).
   It affects your accuracy and damage with ranged weapons and melee attacks
   (+2).
   It makes you vulnerable to fire.
   It protects you from cold.
 V - an amulet of the gourmand (around neck)
Wands
 f - a wand of acid (6)
 y - a wand of flame (45)
 C - a wand of iceblast (23)
 D - a wand of paralysis (24)
 H - a wand of random effects (18)
 K - a wand of enslavement (5)
 U - a wand of digging (7)
 W - a wand of polymorph (9)
Scrolls
 l - 4 scrolls of identify
 q - 4 scrolls of fog
 r - 10 scrolls of teleportation
 t - a scroll of blinking
 v - 2 scrolls of magic mapping
 w - 4 scrolls of enchant weapon
 I - 2 scrolls of enchant armour
Potions
 c - 10 potions of curing
 e - 5 potions of heal wounds
 g - 2 potions of haste
 j - 3 potions of brilliance
 k - 3 potions of berserk rage
 m - 2 potions of cancellation
 n - 4 potions of flight
 z - 4 potions of agility
 B - 5 potions of might
 G - 4 potions of resistance
 Y - 2 potions of invisibility
Comestibles
 o - 29 rations


   Skills:
 + Level 15.9 Fighting
 - Level 18.0 Axes
 + Level 5.0 Throwing
 + Level 15.6 Armour
 + Level 14.5 Dodging
 * Level 13.2 Shields


You had 16 spell levels left.
You didn't know any spells.
Your spell library was empty.

Dungeon Overview and Level Annotations

Branches:
Dungeon (15/15)            Temple (0/1) D:7            Lair (6/6) D:8
 Shoals (3/4) Lair:2        Snake (0/4) Lair:2        Slime (0/5) Lair:5
    Orc (2/2) D:9             Elf (1/3) Orc:2        Vaults (0/5) D:14
 Depths (0/5) D:15        Volcano (visited)

Altars:
Ashenzari
Cheibriados
Dithmenos
Elyvilon
Kikubaaqudgha
Makhleb
Nemelex Xobeh
Ru
Trog
Uskayaw
Wu Jian
Xom
Yredelemnul
Beogh

Shops:
D:4 (   D:5 *%*(   D:6 *   D:7 *   D:8 :   D:9 ([   Orc:1 *   Orc:2 ([*}
Shoals:2 =*[*

Annotations:
D:12 1 runed translucent door, exclusion: door
Shoals:3 Polyphemus


Innate Abilities, Weirdness & Mutations

You reflexively headbutt those who attack you in melee.
You have a pair of horns on your head.


Message History

The faun hits you but does no damage.
The satyr shoots a sling bullet.
The sling bullet closely misses you.
You hear a splash.
The faun splashes around in the water.
You see here a stone.
The faun shoots a sling bullet.
The sling bullet hits you but does no damage.
The satyr plays a lulling melody on his pipes!
You fall asleep.
The faun shoots a stone.
The stone closely misses you.
You hear a splash.
The faun shoots a sling bullet.
The sling bullet closely misses you.
You hear a splash.
The satyr shoots a sling bullet.
The sling bullet hits you but does no damage.
You hear a splash.
The faun no longer looks unusually strong.
The faun unwields a +0 hunting sling.
The faun wields a +0 club.
The faun hits you with a +0 club!!!
You die...

≈≈≈≈≈≈≈≈≈≈≈≈≈≈≈
≈≈≈≈≈≈≈≈≈≈≈≈≈≈≈≈≈≈≈≈≈≈≈≈≈≈≈≈
≈≈≈≈≈≈≈≈≈≈≈≈≈≈≈≈≈≈≈≈≈≈≈≈≈≈≈≈
..≈≈≈≈≈≈≈≈≈≈≈≈(≈≈≈≈≈≈≈≈≈≈≈≈≈
#.≈≈≈≈≈≈≈≈≈≈≈≈≈≈≈≈≈≈≈≈≈≈≈≈≈≈
#....≈≈≈≈≈≈≈≈≈≈≈≈..≈(≈≈≈≈≈≈≈
.##...≈≈≈≈≈≈≈≈≈≈.≈≈≈≈≈≈≈≈≈≈
######.≈≈≈≈≈≈cc≈..≈≈≈≈≈≈≈≈≈
#.≈≈≈.≈≈≈c@.(<≈(≈≈≈≈≈≈
#........c((..≈≈≈≈≈≈≈≈
#####.....(.$.≈≈≈≈≈≈≈≈
##...##.(..(≈≈≈≈≈≈
##.##.≈..(≈≈≈≈≈≈≈
#$..≈≈≈≈≈≈≈≈≈≈≈≈≈
..P.(...≈≈(≈≈≈≈≈≈≈
≈≈≈P≈.....≈≈≈≈≈≈≈≈≈
.PPPP≈....>.≈≈≈≈≈≈


You could see a satyr and 3 fauns.

Vanquished Creatures
  Rupert (Orc:2)
  Kirke (Lair:5)
  Ilsuiw (Shoals:2)
  An ironheart preserver (D:14)
  Nessos (D:14)
  A merfolk javelineer (Shoals:2)
  2 merfolk impalers (Shoals:2)
  Josephine (D:14)
  An ettin (Orc:1)
  Erolcha (Orc:2)
  9 hydras
  3 centaur warriors
  A merfolk aquamancer (Shoals:2)
  3 catoblepae (Lair:6)
  4 ogre magi
  An alligator snapping turtle (Shoals:1)
  21 two-headed ogres
  A tengu warrior (D:12)
  12 death yaks
  An orc high priest (Orc:1)
  A fire crab (Volcano)
  2 deep trolls (Orc:2)
  4 sea snakes
  2 lindwurms
  5 harpies (Shoals:2)
  Pikel (D:4)
  2 orc knights
  4 orc sorcerers
  7 manticores
  7 fauns
  16 elephants
  2 deep elf magi (D:15)
  An ugly thing (D:14)
  7 cyclopes
  6 black mambas
  7 merfolk sirens
  2 water nymphs
  The ghost of LostGamesStreakFreak the Chopper, a novice MiAK of Lugonu (D:3)
  A gargoyle (D:13)
  A centaur skeleton (D:15)
  12 spiny frogs
  4 torpor snails (Lair:6)
  A rime drake (Lair:6)
  3 komodo dragons
  2 kobold demonologists (D:15)
  A queen bee (shapeshifter) (D:15)
  2 polar bears
  20 trolls
  10 merfolk
  A wind drake (Shoals:1)
  A queen bee (D:10)
  A hornet (D:15)
  5 snapping turtles
  Grinder (D:3)
  6 blink frogs
  16 dream sheep
  2 slime creatures (Lair:5)
  8 hippogriffs
  2 shadows
  3 water elementals
  2 vampires
  52 yaks
  Sigmund (D:6)
  A spriggan (Lair:3)
  2 wyverns
  3 hogs (Lair:5)
  3 wraiths (D:14)
  6 basilisks
  3 fire bats (Volcano)
  2 hungry ghosts
  A steam dragon (D:10)
  4 vampire mosquitoes (D:14)
  Menkaure (D:6)
  4 nagas (Lair:2)
  3 wargs
  A soldier ant (D:13)
  Edmund (D:6)
  An acid dragon (D:12)
  8 water moccasins
  2 insubstantial wisps
  3 hell hounds (Volcano)
  6 porcupines
  7 sky beasts
  A hornet zombie (D:14)
  A sky beast (shapeshifter) (D:13)
  3 ice beasts
  21 orc warriors
  4 necrophages
  2 black bears (D:9)
  29 ogres
  4 phantoms
  11 wolves
  23 centaurs
  12 crocodiles
  5 big kobolds
  Blork the orc (D:5)
  11 bullfrogs
  A gnoll sergeant (D:11)
  A wyvern skeleton (D:10)
  2 scorpions
  30 killer bees
  7 wights
  5 howler monkeys
  3 vampire bats (D:4)
  A bullfrog zombie (D:12)
  7 crimson imps
  6 centaur zombies
  6 hounds
  A quasit (D:10)
  12 jellies
  12 orc wizards
  A bullfrog skeleton (D:10)
  18 orc priests
  A gnoll shaman (D:5)
  Jessica (D:3)
  10 iguanas
  6 hell rats (Lair:6)
  13 worker ants
  A killer bee zombie (D:9)
  3 worker ant zombies
  11 gnolls
  14 adders
  6 shadow imps
  2 oozes (D:1)
  A worm (D:3)
  A dart slug (D:1)
  2 leopard geckos
  59 orcs
  A bat skeleton (D:4)
  5 giant cockroaches
  10 goblins
  7 hobgoblins
  7 jackals
  11 quokkas
  A ball python (D:3)
  7 bats
  4 frilled lizards
  27 kobolds
  A leopard gecko skeleton (D:5)
  10 rats
  5 fungi
  10 plants
842 creatures vanquished.

Vanquished Creatures (others)
  3 humans (Lair:5)
  2 sky beasts (D:10)
  A shadow imp (D:10)
  An adder skeleton (D:4)
  2 bat skeletons (D:4)
  3 bat zombies (D:4)
  3 fungi
  4 plants (Lair:6)
  7 tentacles (Shoals:1)
26 creatures vanquished.

Grand Total: 868 creatures vanquished

Notes
Turn   | Place    | Note
-------+----------+-------------------------------------------
     0 | D:1      | LairdRich the Minotaur Berserker began the quest for the
                  | Orb.
     0 | D:1      | Reached XP level 1. HP: 19/19 MP: 0/0
    71 | D:1      | Reached skill level 4 in Axes
    71 | D:1      | Reached XP level 2. HP: 17/27 MP: 1/1
   342 | D:1      | Reached XP level 3. HP: 15/33 MP: 2/2
   594 | D:1      | Found a snail-covered altar of Cheibriados.
   712 | D:1      | Reached ** piety under Trog
  1539 | D:2      | Reached XP level 4. HP: 34/40 MP: 3/3
  1777 | D:2      | Found a hide-covered altar of Uskayaw.
  1781 | D:2      | Found a white marble altar of Elyvilon.
  2240 | D:3      | Found a snail-covered altar of Cheibriados.
  2298 | D:3      | Found an ornate altar of the Wu Jian Council.
  2464 | D:3      | Noticed Grinder
  2480 | D:3      | Killed Grinder
  2480 | D:3      | Reached skill level 5 in Axes
  2480 | D:3      | Reached XP level 5. HP: 47/47 MP: 4/4
  2480 | D:3      | Reached XP level 6. HP: 55/55 MP: 5/5
  2617 | D:3      | Noticed Jessica
  2627 | D:3      | Killed Jessica
  2645 | D:3      | Found a burning altar of Makhleb.
  2764 | D:3      | Noticed a sky beast
  2771 | D:3      | Killed a sky beast
  2771 | D:3      | Reached skill level 5 in Fighting
  2771 | D:3      | Reached skill level 6 in Axes
  2823 | D:3      | Noticed LostGamesStreakFreak's ghost (novice MiAK)
  2824 | D:3      | Found a runed translucent door.
  2862 | D:3      | Found a shimmering altar of Xom.
  3094 | D:3      | Reached XP level 7. HP: 56/60 MP: 6/6
  3201 | D:3      | Killed LostGamesStreakFreak's ghost
  3201 | D:3      | Reached skill level 7 in Axes
  3394 | D:4      | Noticed Pikel
  3421 | D:4      | Killed Pikel
  3421 | D:4      | Reached skill level 8 in Axes
  3421 | D:4      | Reached skill level 5 in Armour
  3421 | D:4      | Reached XP level 8. HP: 8/69 MP: 0/7
  3789 | D:4      | Got a translucent falchion
  3821 | D:4      | Identified the +8 falchion "Fahem" {speed, +Blink rPois}
                  | (You found it on level 4 of the Dungeon)
  3869 | D:4      | Found a shattered altar of Ashenzari.
  3942 | D:4      | Found Hieggeak's Weapon Boutique.
  3971 | D:4      | Reached skill level 5 in Dodging
  4340 | D:4      | Found an ancient bone altar of Kikubaaqudgha.
  4342 | D:4      | Reached *** piety under Trog
  4579 | D:5      | Entered Level 5 of the Dungeon
  4778 | D:5      | Reached skill level 9 in Axes
  4993 | D:5      | Reached XP level 9. HP: 68/78 MP: 5/8
  5104 | D:5      | Found Koxit's Assorted Antiques.
  5195 | D:5      | Found Gaweh's Food Shop.
  5289 | D:5      | Found Piechih's Weapon Shoppe.
  5372 | D:5      | Found Yhoar's Assorted Antiques.
  5904 | D:6      | Noticed Blork the orc
  5908 | D:5      | Killed Blork the orc
  6013 | D:6      | Noticed Menkaure
  6033 | D:6      | Killed Menkaure
  6227 | D:6      | Found a sacrificial altar of Ru.
  6365 | D:6      | Noticed Sigmund
  6381 | D:6      | Killed Sigmund
  6381 | D:6      | Reached skill level 10 in Axes
  6398 | D:6      | Found the +3 salamander hide armour {+Rage rF++}
  6417 | D:6      | Found Daps's General Store.
  6417 | D:6      | Noticed Edmund
  6429 | D:6      | Killed Edmund
  7277 | D:7      | Reached **** piety under Trog
  7358 | D:7      | Found Jodyuna's General Store.
  7366 | D:7      | Found a bloodstained altar of Trog.
  7678 | D:7      | Found a basalt altar of Yredelemnul.
  7706 | D:7      | Found a staircase to the Ecumenical Temple.
  7728 | D:7      | Reached skill level 11 in Axes
  8130 | D:8      | Noticed a death yak
  8131 | D:8      | Noticed a death yak
  8326 | D:8      | Reached XP level 10. HP: 70/87 MP: 7/9
  8329 | D:8      | Noticed a death yak
  8332 | D:8      | Noticed a death yak
  8335 | D:8      | Noticed a death yak
  8853 | D:7      | Killed a death yak
  9016 | D:8      | Killed a death yak
  9019 | D:8      | Killed a death yak
  9019 | D:8      | Reached skill level 12 in Axes
  9022 | D:8      | Killed a death yak
  9204 | D:8      | Found a staircase to the Lair.
  9230 | D:8      | Found Zaihum's Book Emporium.
  9243 | D:8      | Found a sparkling altar of Nemelex Xobeh.
  9505 | D:8      | Found a sparkling altar of Nemelex Xobeh.
 10198 | D:8      | Reached ***** piety under Trog
 10198 | D:8      | Received a gift from Trog
 10357 | D:9      | Found a shadowy altar of Dithmenos.
 10396 | D:9      | Reached XP level 11. HP: 96/96 MP: 10/10
 10441 | D:9      | Found Xotsunodd's Armour Emporium.
 10441 | D:9      | Found a staircase to the Orcish Mines.
 10441 | D:9      | Found Seguev's Weapon Emporium.
 10612 | D:9      | Bought a +0 cloak for 63 gold pieces
 10612 | D:9      | Bought a +1 pair of gloves of dexterity for 231 gold pieces
 11122 | D:10     | Entered Level 10 of the Dungeon
 11249 | D:10     | Reached skill level 13 in Axes
 11576 | D:10     | Noticed a two-headed ogre
 11590 | D:10     | Killed a two-headed ogre
 11590 | D:10     | Reached skill level 10 in Fighting
 11999 | D:10     | Received a gift from Trog
 12064 | D:10     | Noticed a two-headed ogre
 12071 | D:10     | Killed a two-headed ogre
 12071 | D:10     | Reached skill level 10 in Armour
 12498 | D:10     | Reached skill level 14 in Axes
 12611 | Lair:1   | Entered Level 1 of the Lair of Beasts
 13459 | Lair:1   | Got a faintly glowing scale mail
 13470 | Lair:1   | Identified the +6 scale mail of the Pleiades {rPois rN+
                  | MP-9 Slay+5} (You found it on level 1 of the Lair of
                  | Beasts)
 13583 | Lair:2   | Found a dark tunnel.
 13590 | Volcano  | Entered a volcano
 13613 | Volcano  | Noticed a lindwurm
 13624 | Volcano  | Killed a lindwurm
 13636 | Volcano  | Got a warped ivory ring
 13647 | Volcano  | Identified the ring of Bemiy {Ice Str+6 Dex+2 Slay+2} (You
                  | found it in a volcano)
 13661 | Volcano  | Noticed a fire crab
 13666 | Volcano  | Reached XP level 12. HP: 106/106 MP: 2/11
 14036 | Lair:2   | Noticed a four-headed hydra
 14043 | Lair:2   | Killed a two-headed hydra
 14065 | Lair:2   | Reached skill level 10 in Dodging
 14177 | Lair:2   | Reached skill level 15 in Axes
 14224 | Lair:2   | Found a staircase to the Snake Pit.
 14228 | Lair:2   | Noticed a seven-headed hydra
 14237 | Lair:2   | Killed a five-headed hydra
 14251 | Lair:2   | Received a gift from Trog
 14772 | Lair:2   | Found a staircase to the Shoals.
 15529 | Lair:4   | Noticed a four-headed hydra
 15653 | Lair:4   | Reached skill level 16 in Axes
 15663 | Lair:4   | Reached XP level 13. HP: 103/116 MP: 3/12
 16583 | Lair:5   | Noticed Kirke
 16591 | Lair:5   | Killed Kirke
 16591 | Lair:5   | Received a gift from Trog
 16815 | Lair:5   | Found a staircase to the Slime Pits.
 16983 | Lair:5   | Reached skill level 17 in Axes
 17223 | Lair:5   | Reached XP level 14. HP: 125/125 MP: 4/13
 17267 | Lair:6   | Entered Level 6 of the Lair of Beasts
 17402 | Lair:6   | Found a snail-covered altar of Cheibriados.
 17749 | Lair:6   | Reached skill level 18 in Axes
 18316 | Lair:6   | Reached XP level 15. HP: 133/134 MP: 5/14
 18409 | Lair:6   | Received a gift from Trog
 20283 | D:12     | Received a gift from Trog
 20455 | D:12     | Noticed a shadow dragon
 20550 | D:12     | You fall into a shaft and drop 1 floor!
 20806 | D:12     | Found a runed translucent door.
 21564 | D:14     | Noticed Nessos
 21581 | D:14     | Killed Nessos
 21850 | D:14     | Got a heavily runed ring mail
 21861 | D:14     | Identified the +5 ring mail of Okemmu {rPois rN+ Str+3
                  | Int+2} (You found it on level 14 of the Dungeon)
 22459 | D:14     | Received a gift from Trog
 22794 | D:14     | Found a gate to the Vaults.
 23104 | D:15     | Entered Level 15 of the Dungeon
 23208 | D:15     | Noticed Josephine
 23213 | D:14     | Killed Josephine
 23580 | D:15     | Paralysed by an orc sorcerer for 4 turns
 23600 | D:15     | Found a staircase to the Depths.
 23606 | D:15     | Reached skill level 10 in Shields
 23769 | D:15     | Received a gift from Trog
 24265 | D:5      | Bought an encrusted moonstone ring for 110 gold pieces
 24475 | Orc:1    | Entered Level 1 of the Orcish Mines
 24481 | Orc:1    | Reached XP level 16. HP: 145/145 MP: 6/15
 24779 | D:9      | Bought 6 silver boomerangs for 153 gold pieces
 25037 | Orc:1    | Reached skill level 15 in Fighting
 25067 | Orc:1    | Found a roughly hewn altar of Beogh.
 25071 | Orc:1    | Received a gift from Trog
 25306 | Orc:2    | Entered Level 2 of the Orcish Mines
 25317 | Orc:1    | Reached skill level 1 in Throwing
 25360 | Orc:2    | Noticed Erolcha
 25417 | Orc:2    | Killed Erolcha
 25591 | Orc:1    | Found Qyecsain's Assorted Antiques.
 25755 | Orc:2    | Found a staircase to the Elven Halls.
 25789 | Orc:2    | Noticed Rupert
 25808 | Orc:2    | Paralysed by Rupert for 6 turns
 25820 | Orc:2    | Killed Rupert
 26028 | Orc:2    | Reached skill level 15 in Armour
 26036 | Orc:2    | Found Miolaank's Gadget Shop.
 26037 | Orc:2    | Found Saff's Assorted Antiques.
 26051 | Orc:2    | Received a gift from Trog
 26095 | Orc:2    | Found Sots's Armour Shoppe.
 26110 | Orc:2    | Found Dougaul's Weapon Boutique.
 26362 | Elf:1    | Entered Level 1 of the Elven Halls
 26610 | Shoals:1 | Entered Level 1 of the Shoals
 26669 | Shoals:1 | You fall into a shaft and drop 1 floor!
 26669 | Shoals:2 | Found Ickuapt's General Store.
 27007 | Shoals:2 | Noticed Ilsuiw
 27035 | Shoals:2 | Killed Ilsuiw
 28078 | Shoals:1 | Noticed a kraken
 28243 | Shoals:1 | Received a gift from Trog
 28989 | Shoals:2 | Found Ykhynee's Antique Armour Shop.
 29083 | Shoals:2 | Found Uxuic's Assorted Antiques.
 29135 | Shoals:2 | Bought a granite ring for 100 gold pieces
 29922 | Shoals:2 | Bought the +3 pair of gauntlets of War {Slay+5} for 1615
                  | gold pieces
 29922 | Shoals:2 | Found the +3 pair of gauntlets of War {Slay+5}
 29998 | Shoals:2 | Found Lufaept's Jewellery Emporium.
 30351 | Shoals:3 | Noticed Polyphemus
 30353 | Shoals:3 | Reached XP level 17. HP: 158/158 MP: 7/16
 30369 | Shoals:3 | Reached skill level 5 in Throwing
 30390 | Shoals:3 | Received a gift from Trog
 30778 | Shoals:3 | Demolished by a faun

Levels and vault maps discovered:
D:1:      erik_arrival_gehennom, layout_loops_ring, wad_floor_pattern_1,
          chequers_hall_statues_y, st_stairs_10, cheibriados_altar_1
D:2:      layout_rooms, nicolae_overflow_hidden_temple, first_ration
D:3:      layout_basic, lemuel_doored_altar, tgw_xom, old_standard_altar,
          nicolae_overflow_crystal_walls, ebering_ghost_sewer_d, uniq_jessica,
          uniq_grinder
D:4:      layout_loops_corners, kennysheep_vampire_church,
          evilmike_ruin_ashenzari, serial_shops, shop, uniq_pikel
D:5:      layout_basic, serial_shops, nicolae_shop_waterfront, shop,
          shop_fountains, kennysheep_little_box, minivault_24
D:6:      layout_loops_ring, nicolae_ru_awakened_eye, serial_shops, shop,
          uniq_edmund, uniq_menkaure, uniq_blork_the_orc, uniq_sigmund
D:7:      layout_gridville, lemuel_coloured_pillars_altar, lemuel_crystal_altar,
          minmay_temple_entry_offerings, serial_shops, shop_fountains
D:8:      layout_cave_pools, nemelex_xobeh_ov_fountains_minmay,
          dpeg_lair_monsters, basic_altar, serial_shops, shop
D:9:      layout_stronghold, old_standard_altar, orc_david_3
D:10:     layout_loops_cross, david_nohive_1, hangedman_misty_isle
D:11:     layout_roguey
D:12:     layout_cave_pools, minmay_hidden_floor
D:13:     layout_rooms
D:14:     layout_roguey, skrybe_vaults_entry_preservation, minivault_26,
          drop_trap, serial_bayou_pond_e, minmay_misc_feat_square, uniq_nessos
D:15:     grunt_enter_depths_magical_seal, layout_rooms, minmay_misc_feat_tower,
          uniq_josephine
Lair:1:   layout_cave_pods
Lair:2:   layout_chaotic_city, elwin_shoals_entry_rooms,
          minmay_snake_entry_guardpost_small, nicolae_volcano_entry_lava_flow,
          patterned_corridor
Lair:3:   layout_long_grid, grunt_forest_large_clearing_hut,
          serial_bayou_shore_b
Lair:4:   layout_gridlike, beast_lair_carwin_3, grunt_megastairs_1,
          serial_bayou_shore_b
Lair:5:   layout_long_grid, minmay_slime_entry_pillars, hibernation_bobbens,
          uniq_kirke
Lair:6:   evilmike_catoblepas_cave, layout_regular_city, kennysheep_snail_temple
Shoals:1: layout_shoals, nicolae_shoals_circle_sea_wall
Shoals:2: layout_shoals, serial_shops, shop, shop, shop, shop, uniq_ilsuiw
Shoals:3: layout_shoals, centaur_isle, uniq_polyphemus, uniq_roxanne,
          uniq_jorgrun
Orc:1:    layout_caves, serial_shops, nicolae_shop_trees, minmay_orc_temple_c
Orc:2:    st_orc_open, layout_diamond_mine, uniq_rupert, uniq_erolcha
Elf:1:    cheibrodos_wizards_tower, layout_loops_corners,
          hangedman_elven_crosses_minicolossus, corner_web_ring,
          minmay_elf_annihilation

Skill      XL: |  1  2  3  4  5  6  7  8  9 10 11 12 13 14 15 16 17 |
---------------+----------------------------------------------------+-----
Axes           | 4 5 6 8 9 11 12 14 16 17 18 | 18.0
Fighting       | 4 5 6 7 8 9 10 12 13 14 15 | 15.9
Armour         | 3 4 5 6 7 9 10 11 12 13 14 15 | 15.6
Dodging        | 3 4 5 7 8 9 10 11 12 13 14 | 14.5
Shields        | 2 4 7 10 13 | 13.2
Throwing       | 4 5 |  5.0

Action                   |  1- 3 |  4- 6 |  7- 9 | 10-12 | 13-15 | 16-18 || total
-------------------------+-------+-------+-------+-------+-------+-------++-------
Melee: Hand axe          |    74 |    52 |       |       |       |       ||   126
       Headbutt          |    12 |    18 |    42 |    83 |   134 |    85 ||   374
       War axe           |       |    39 |   200 |   113 |       |       ||   352
       Falchion          |       |       |    51 |       |       |       ||    51
       Broad axe         |       |       |       |   291 |   509 |   321 ||  1121
Throw: Boomerang         |       |       |       |       |       |    23 ||    23
Invok: Berserk           |       |     2 |     1 |     3 |     2 |     1 ||     9
       Trog's Hand       |       |     1 |     3 |     1 |     2 |     2 ||     9
  Use: Scroll            |       |       |    12 |    15 |     7 |     8 ||    42
       Potion            |       |       |       |       |     1 |     1 ||     2
  Eat: Ration            |     1 |       |     3 |     6 |       |       ||    10
       Chunk             |       |     6 |     8 |     7 |    56 |    23 ||   100
Armor: Animal skin       |    17 |       |       |       |       |       ||    17
       Ring mail         |       |    20 |    12 |       |       |       ||    32
       Scale mail        |       |       |    51 |   104 |   124 |   118 ||   397
Dodge: Dodged            |    42 |    49 |   124 |   257 |   273 |   287 ||  1032
Block: Buckler           |     3 |    14 |    54 |    76 |    94 |   113 ||   354
       Rpst.: Falchion   |       |       |     2 |       |       |       ||     2

Table legend:
 A = Non-vault XP
 B = Vault XP
 C = Vault XP percentage of total XP
 D = Non-vault monster count
 E = Vault monster count
 F = Vault count percentage of total count
                 A         B        C        D         E       F
            +---------+---------+-------+---------+---------+-------
      Total |  111369 |   74170 |  40.0 |     602 |     227 |  27.4
            +---------+---------+-------+---------+---------+-------
        D:1 |      37 |      35 |  48.6 |      22 |       8 |  26.7
        D:2 |      49 |       0 |   0.0 |      17 |       0 |   0.0
        D:3 |     321 |     763 |  70.4 |      18 |      11 |  37.9
        D:4 |     283 |     783 |  73.5 |       8 |       5 |  38.5
        D:5 |    1156 |      96 |   7.7 |      29 |       1 |   3.3
        D:6 |     123 |     528 |  81.1 |       5 |       3 |  37.5
        D:7 |    1311 |    1690 |  56.3 |      24 |       2 |   7.7
        D:8 |    1079 |    2535 |  70.1 |      18 |       3 |  14.3
        D:9 |    2046 |     290 |  12.4 |      23 |       5 |  17.9
       D:10 |    4725 |    1840 |  28.0 |      39 |      22 |  36.1
       D:11 |    2396 |       0 |   0.0 |      25 |       0 |   0.0
       D:12 |    6450 |    1242 |  16.1 |      37 |       3 |   7.5
       D:13 |    4365 |       0 |   0.0 |      18 |       0 |   0.0
       D:14 |    9802 |    5705 |  36.8 |      46 |      14 |  23.3
       D:15 |    3807 |    6007 |  61.2 |      18 |       9 |  33.3
     Lair:1 |    1715 |       0 |   0.0 |      13 |       0 |   0.0
     Lair:2 |    6013 |    1287 |  17.6 |      24 |       6 |  20.0
     Lair:3 |    3414 |     957 |  21.9 |      10 |       3 |  23.1
     Lair:4 |    7188 |    3475 |  32.6 |      20 |      11 |  35.5
     Lair:5 |    6248 |    3657 |  36.9 |      25 |       9 |  26.5
     Lair:6 |   11355 |   11877 |  51.1 |      40 |      27 |  40.3
   Shoals:1 |    7265 |       0 |   0.0 |      17 |       0 |   0.0
   Shoals:2 |   15098 |    3897 |  20.5 |      31 |       4 |  11.4
   Shoals:3 |    2219 |    2598 |  53.9 |       5 |       3 |  37.5
      Orc:1 |    8677 |    2734 |  24.0 |      42 |      31 |  42.5
      Orc:2 |    4227 |   19719 |  82.3 |      28 |      39 |  58.2
    Volcano |       0 |    2455 | 100.0 |       0 |       8 | 100.0
            +---------+---------+-------+---------+---------+-------
